Map: Central Protocol

Players

juhyg - Winner!

  • Race: Zerg Zerg

RAH

  • Race: Zerg Zerg

VOD

Have the link to the VOD?

Description

Time

  • Played on: Jan. 27, 2016, 6:19 p.m.
  • Length: 19:20
Show
View Real Time Build Order
Export as new Build Order

juhyg Zerg - Winner!

Build Orders: Pool First 

Get SALT Encoding   

  12  0:08  Overlord  
  12  0:27  Spawning Pool  
  11  0:30  Drone  
  12  0:39  Drone  
  12  0:41  Drone  
  14  0:45  Drone  
  15  0:52  Drone  
  16  1:02  Extractor  
  16  1:03  Drone  
  16  1:21  Queen  
  16  1:25  Drone  
  19  1:30  Drone  
  20  1:36  Zergling x2  
  21  1:52  Drone  
  22  2:07  Hatchery  
  21  2:25  Lair  
  21  2:26  Roach Warren  
  21  2:27  Zergling x4  
  21  2:28  Overlord  
  21  2:51  Overlord  
  21  3:05  Drone x3, Extractor  
  23  3:24  Roach  
  23  3:25  Roach  
  23  3:26  Queen  
  29  3:36  Drone  
  29  3:39  Roach x2  
  34  3:53  Drone x4  
  38  4:07  Hydralisk Den  
  37  4:14  Drone x4  
  37  4:16  Roach  
  43  4:23  Metabolic Boost  
  43  4:40  Overlord x3  
  43  4:41  Overlord  
  43  4:58  Hydralisk x3  
  49  5:00  Hydralisk  
  51  5:21  Hydralisk x2  
  51  5:22  Hydralisk x2  
  51  5:23  Zergling x2  
  60  5:46  Overlord x2  
  60  5:47  Overlord  
  60  5:58  Zergling x2, Roach x4  
  60  6:00  Zergling x2  
  70  6:30  Hydralisk x3  
  70  6:31  Hydralisk x3  
  70  6:32  Zergling x4  
  84  6:48  Roach x3  
  90  7:28  Overlord x3  
  90  7:32  Roach x4  
  90  7:35  Drone  
  90  7:36  Drone  
  100  7:49  Spire  
  100  7:50  Drone x2, Hatchery  
  100  8:24  Roach x6  
  100  8:25  Roach x3  
  118  8:44  Hydralisk x3  
  118  8:48  Overlord  
  124  8:50  Overseer  
  124  8:55  Overseer  
  123  9:35  Hydralisk x4  
  123  9:37  Zergling x2, Roach  
  123  9:38  Zergling x8  
  137  9:39  Overlord x3  
  137  9:40  Overlord  
  132  9:55  Drone x3  
  135  11:01  Roach  
  135  11:02  Zergling x8, Roach  
  135  11:03  Zergling x12  
  135  11:04  Zergling x6  
  152  11:28  Roach x6  
  102  11:51  Hydralisk x7  
  102  11:52  Hydralisk x2  
  110  12:07  Roach x3  
  112  12:49  Roach x5  
  112  12:50  Roach x5  
  112  12:51  Roach x3  
  138  12:54  Roach  
  138  12:56  Zergling x2  
  141  13:04  Queen  
  143  13:06  Roach  
  143  13:07  Roach  
  143  13:33  Mutalisk  
  143  13:46  Extractor  
  142  13:48  Extractor  
  141  14:11  Mutalisk x2  
  141  14:12  Overlord  
  141  14:13  Overlord x5  
  141  14:14  Overlord x4  
  145  14:20  Hydralisk  
  147  14:37  Mutalisk  
  149  15:05  Extractor  
  148  15:08  Extractor  
  148  15:14  Drone x5  
  149  15:15  Drone x2  
  149  15:17  Hydralisk x4  
  149  15:18  Hydralisk x3  
  168  15:37  Extractor  
  167  15:44  Extractor  
  160  16:06  Corruptor x5  
  162  17:09  Mutalisk  
  162  17:10  Mutalisk x4  
  162  17:12  Zergling x8  
  162  17:13  Zergling x2  
  177  17:20  Zergling x2  
  106  18:42  Spawning Pool  
Show
View Real Time Build Order
Export as new Build Order

RAH Zerg 

Build Orders: Pool First 

Get SALT Encoding   

  12  0:02  Drone  
  13  0:13  Overlord  
  13  0:17  Drone  
  14  0:31  Drone  
  14  0:32  Drone  
  16  0:36  Drone  
  17  0:48  Spawning Pool  
  16  0:50  Drone  
  17  1:17  Drone  
  18  1:20  Hatchery  
  17  1:26  Extractor  
  17  1:32  Drone x3  
  19  1:43  Overlord  
  19  1:51  Queen  
  21  2:01  Zergling x2  
  22  2:24  Drone x2  
  24  2:33  Queen  
  26  2:43  Metabolic Boost  
  26  2:53  Drone  
  26  2:54  Drone x4  
  31  3:03  Queen  
  33  3:09  Overlord  
  33  3:26  Roach Warren  
  32  3:28  Overlord x2  
  32  3:33  Drone x2  
  32  3:34  Drone x2  
  36  3:50  Zergling x6  
  36  3:51  Zergling x8  
  43  4:02  Spine Crawler  
  42  4:03  Drone  
  42  4:04  Drone x2  
  45  4:13  Lair  
  45  4:17  Drone x2  
  45  4:18  Drone  
  45  4:19  Overlord x2  
  45  4:20  Overlord  
  45  4:22  Roach x2  
  45  4:23  Roach  
  54  4:37  Evolution Chamber  
  53  4:39  Evolution Chamber  
  53  4:41  Roach x2  
  56  4:50  Extractor  
  56  4:52  Drone x2  
  57  5:02  Drone  
  57  5:03  Drone x4  
  62  5:19  Overlord x2  
  62  5:22  Roach x3  
  68  5:34  Queen  
  70  5:42  Spine Crawler  
  70  5:44  Zerg Missile Weapons Level 1  
  69  5:53  Extractor  
  69  5:55  Drone x3  
  71  5:58  Drone x2  
  71  5:59  Drone  
  71  6:00  Overlord  
  71  6:01  Overlord  
  74  6:12  Queen  
  74  6:17  Zerg Ground Armor Level 1  
  76  6:26  Roach x4  
  76  6:27  Roach  
  76  6:30  Hatchery  
  85  6:42  Glial Reconstitution  
  85  6:52  Drone x3  
  85  6:53  Drone x3  
  91  6:57  Drone x2  
  91  6:58  Extractor  
  92  7:07  Overseer  
  92  7:38  Drone  
  92  7:40  Overlord x3  
  92  7:42  Zergling x2  
  92  7:44  Roach x5  
  104  8:06  Drone x2  
  104  8:07  Drone x3  
  104  8:08  Drone x3  
  104  8:11  Overlord  
  112  8:19  Ravager x4  
  118  8:20  Ravager x5  
  118  8:22  Ravager x2  
  118  8:25  Hatchery  
  122  8:40  Queen  
  124  8:51  Zergling x8  
  124  8:52  Zergling x10  
  124  8:53  Zergling x6  
  136  9:07  Drone  
  136  9:08  Drone x3  
  140  9:24  Zerg Missile Weapons Level 2  
  140  9:25  Zerg Ground Armor Level 2  
  125  9:49  Queen  
  127  9:55  Drone  
  127  9:56  Drone  
  129  10:39  Spire  
  128  10:43  Roach x4  
  128  10:44  Zergling x8, Roach x2  
  128  10:45  Zergling x10  
  128  10:46  Zergling x2  
  128  10:47  Zergling x2  
  151  11:09  Overlord x4  
  151  11:10  Overlord x3  
  151  11:11  Overlord x2  
  116  11:43  Roach x2  
  116  11:44  Roach x6  
  116  11:45  Roach x6  
  116  11:46  Roach x2  
  117  11:49  Zergling x6  
  94  12:26  Zerg Melee Weapons Level 1  
  94  12:28  Mutalisk x4  
  94  12:29  Mutalisk x7  
  110  12:30  Mutalisk  
  118  12:48  Spine Crawler x2  
  118  12:49  Spine Crawler  
  115  12:52  Spine Crawler  
  115  12:53  Spine Crawler  
  115  12:54  Spine Crawler  
  115  12:55  Spine Crawler  
  115  12:56  Spine Crawler  
  110  13:03  Mutalisk x2  
  110  13:04  Mutalisk x4  
  110  13:48  Drone x4  
  114  14:04  Baneling Nest  
  114  14:08  Zergling x2  
  114  14:09  Zergling x12  
  121  14:10  Zergling x14  
  121  14:11  Zergling x4  
  129  14:22  Zerg Melee Weapons Level 2  
  129  14:34  Mutalisk x6  
  129  14:35  Mutalisk x2  
  145  14:39  Roach x3  
  151  14:48  Drone  
  152  15:23  Drone  
  152  15:24  Drone x5  
  158  15:58  Zergling x16  
  158  15:59  Zergling x10  
  158  16:00  Zergling x2  
  158  16:02  Roach x2  
  176  16:14  Extractor  
  176  16:17  Extractor  
  162  16:43  Zergling x2  
  162  16:44  Mutalisk  
  162  16:45  Mutalisk  
  115  17:15  Baneling x3  
  115  17:16  Baneling x7  
  115  17:17  Baneling x6  
  115  17:18  Baneling x2  
  111  18:08  Hydralisk Den  
  39  18:57  Drone  
  39  18:58  Zergling x4  
Tags
 
Add a new tag
Caveats
  • Supply blocks, unpowered buildings, or Contaminate may cause inaccurate times.
  • Supply counts are checked every 10 seconds.